[ AOE2 MATCH · #474125303 ]
UnrankedTupi vs Burmese
[ REPLAY ANALYSIS · EXTRACTED FROM THE RECORDED GAME ]
Feudal
14:42
Castle
19:02
Imperial
—
| APM avg | 84.1 |
| APM peak | 154 |
| eAPM avg | 52.0 |
| Villagers / military | 130 / 8 |
Focus
⚔️ 42.1% · 🌾 57.9%
Unknown (2579) ×32 · Unknown (2550) ×30 · Fishing Ship ×27 · Battering Ram ×4 · Scorpion ×3 · Transport Ship ×1
Feudal
13:26
Castle
17:33
Imperial
—
| APM avg | 36.9 |
| APM peak | 72 |
| eAPM avg | 22.1 |
| Villagers / military | 88 / 14 |
Focus
⚔️ 28.8% · 🌾 71.2%
Unknown (2626) ×24 · Arambai ×11 · Fishing Ship ×10 · Fire Galley ×3
Feudal
12:23
Castle
—
Imperial
—
| APM avg | 41.2 |
| APM peak | 74 |
| eAPM avg | 17.9 |
| Villagers / military | 54 / 21 |
Focus
⚔️ 21.9% · 🌾 78.1%
Archer ×21 · Fishing Ship ×5
Feudal
15:44
Castle
19:28
Imperial
—
| APM avg | 36.8 |
| APM peak | 58 |
| eAPM avg | 21.6 |
| Villagers / military | 89 / 12 |
Focus
⚔️ 28.2% · 🌾 71.8%
Unknown (2626) ×39 · Fishing Ship ×23 · Scout Cavalry ×6 · Galley ×2 · Fire Galley ×2 · Steppe Lancer ×2
Feudal
13:54
Castle
17:29
Imperial
—
| APM avg | 49.3 |
| APM peak | 95 |
| eAPM avg | 17.9 |
| Villagers / military | 83 / 38 |
Focus
⚔️ 36.4% · 🌾 63.6%
Cavalry Archer ×35 · Unknown (2626) ×9 · Fishing Ship ×6 · Archer ×2 · Monk ×1
Feudal
14:41
Castle
24:45
Imperial
—
| APM avg | 57.1 |
| APM peak | 93 |
| eAPM avg | 22.1 |
| Villagers / military | 81 / 27 |
Focus
⚔️ 37.2% · 🌾 62.8%
Knight ×22 · Fishing Ship ×20 · Unknown (2626) ×13 · Scout Cavalry ×5
Feudal
12:27
Castle
23:07
Imperial
—
| APM avg | 44.7 |
| APM peak | 88 |
| eAPM avg | 20.1 |
| Villagers / military | 52 / 48 |
Focus
⚔️ 38.4% · 🌾 61.6%
Cavalry Archer ×31 · Scout Cavalry ×11 · Fishing Ship ×5 · Scorpion ×3 · Fire Galley ×2 · Mangonel ×1
Feudal
14:44
Castle
19:04
Imperial
29:50
| APM avg | 43.7 |
| APM peak | 72 |
| eAPM avg | 28.5 |
| Villagers / military | 114 / 25 |
Focus
⚔️ 23.2% · 🌾 76.8%
Fishing Ship ×37 · Leitis ×15 · Galley ×8 · Monk ×1 · Transport Ship ×1
Match map
Initial resources + every placement click. Lines = walls · curves = elevation contours. ◆ gold · ⬟ stone · ● berries · ✦ relic · ◌ wall gap
Your base· Open — 3t gap
Marlin's base· Open — 6t gap
PM_AoE's base· Open — unwalled flank
Vazero's base· Open — 6t gap
Ulfaith's base· Open — 6t gap
ELEOS | Hitorek's base· Open — unwalled flank
Squid hunter's base· Open — unwalled flank
ELEOS | Danielsiii's base· Open — 4t gap
Smoothed initial terrain · ◌ = detected wall gap · hover for details
Inputs per minute
— ELEOS | ElNoniro - - Marlin
Build order — ELEOS | ElNoniro
First 150 of 349 actions detected
| 0:01 | Build | Town Center |
| 0:42 | Build | Dock |
| 0:43 | Build | House |
| 2:22 | Create | Villager (Male) ×4 |
| 2:22 | Create | Villager (Male) ×4 |
| 3:03 | Create | Fishing Ship |
| 3:05 | Create | Villager (Male) |
| 3:56 | Create | Fishing Ship |
| 3:57 | Create | Fishing Ship |
| 4:07 | Build | House |
| 4:23 | Create | Villager (Male) |
| 4:23 | Create | Villager (Male) |
| 4:47 | Research | Loom |
| 4:49 | Create | Fishing Ship |
| 4:49 | Create | Fishing Ship |
| 5:15 | Create | Villager (Male) |
| 5:17 | Create | Fishing Ship |
| 5:41 | Build | House |
| 5:52 | Create | Villager (Male) |
| 6:11 | Create | Fishing Ship |
| 6:17 | Create | Villager (Male) |
| 6:40 | Create | Villager (Male) |
| 6:52 | Create | Fishing Ship |
| 7:01 | Create | Villager (Male) |
| 7:10 | Build | House |
| 7:17 | Create | Villager (Male) |
| 7:24 | Create | Fishing Ship |
| 7:47 | Create | Villager (Male) |
| 8:03 | Build | Settlement |
| 8:10 | Create | Villager (Male) |
| 8:17 | Create | Fishing Ship |
| 8:18 | Create | Fishing Ship |
| 8:39 | Create | Villager (Male) |
| 8:54 | Create | Villager (Male) |
| 8:56 | Build | Dock |
| 9:12 | Create | Villager (Male) |
| 9:13 | Create | Fishing Ship |
| 9:14 | Create | Villager (Male) |
| 9:19 | Build | House |
| 9:35 | Create | Fishing Ship |
| 9:51 | Create | Villager (Male) |
| 9:54 | Build | House |
| 9:58 | Create | Fishing Ship |
| 9:59 | Create | Villager (Male) |
| 10:11 | Create | Fishing Ship |
| 10:19 | Build | House |
| 10:21 | Create | Villager (Male) |
| 10:24 | Create | Fishing Ship |
| 10:41 | Build | Palisade Wall |
| 10:44 | Create | Villager (Male) |
| 10:48 | Build | Dock |
| 10:50 | Create | Villager (Male) |
| 11:00 | Create | Fishing Ship |
| 11:00 | Create | Fishing Ship |
| 11:09 | Build | House |
| 11:20 | Create | Fishing Ship |
| 11:32 | Create | Fishing Ship |
| 11:51 | Create | Fishing Ship |
| 12:04 | Create | Fishing Ship |
| 12:09 | Create | Fishing Ship |
| 12:31 | Research | Feudal Age |
| 12:31 | Research | Feudal Age |
| 12:31 | Research | Feudal Age |
| 12:31 | Research | Feudal Age |
| 12:31 | Research | Feudal Age |
| 12:46 | Build | Settlement |
| 12:50 | Build | Settlement |
| 12:51 | Create | Villager (Male) |
| 12:55 | Create | Fishing Ship |
| 12:55 | Create | Villager (Male) |
| 12:56 | Create | Fishing Ship |
| 13:13 | Build | Settlement |
| 13:47 | Create | Villager (Male) |
| 13:58 | Create | Fishing Ship |
| 13:59 | Create | Fishing Ship |
| 14:17 | Create | Villager (Male) |
| 14:24 | Build | House |
| 14:42 | Age | Feudal Age |
| 14:43 | Build | Market |
| 14:47 | Build | Blacksmith |
| 14:55 | Build | Watch Tower |
| 14:58 | Build | House |
| 15:00 | Build | House |
| 15:06 | Build | Palisade Gate |
| 15:08 | Build | Palisade Wall |
| 15:20 | Create | Villager (Male) |
| 15:27 | Create | Villager (Male) |
| 15:33 | Build | Market |
| 15:35 | Build | House |
| 15:37 | Create | Villager (Male) |
| 15:37 | Create | Villager (Male) |
| 15:38 | Build | House |
| 15:41 | Build | House |
| 15:42 | Build | Palisade Wall |
| 15:50 | Build | Palisade Wall |
| 15:55 | Create | Villager (Male) |
| 16:05 | Build | Barracks |
| 16:22 | Research | Castle Age |
| 16:22 | Research | Castle Age |
| 16:22 | Research | Castle Age |
| 16:22 | Research | Castle Age |
| 16:22 | Research | Castle Age |
| 16:30 | Research | Double-Bit Axe |
| 16:30 | Research | Double-Bit Axe |
| 16:30 | Research | Double-Bit Axe |
| 16:30 | Research | Double-Bit Axe |
| 16:30 | Research | Double-Bit Axe |
| 16:31 | Create | Villager (Male) |
| 16:49 | Research | Tech 1402 |
| 16:53 | Build | Barracks |
| 17:11 | Create | Unit 2550 |
| 17:12 | Create | Unit 2550 |
| 17:15 | Research | Scale Mail Armor |
| 17:18 | Research | Forging |
| 17:25 | Build | Barracks |
| 17:44 | Create | Villager (Male) |
| 17:49 | Build | Palisade Wall |
| 17:50 | Build | Palisade Wall |
| 17:55 | Create | Unit 2626 |
| 17:56 | Build | Palisade Wall |
| 18:00 | Build | Palisade Wall |
| 18:01 | Build | Palisade Wall |
| 18:03 | Build | Palisade Wall |
| 18:08 | Create | Unit 2550 |
| 18:08 | Create | Unit 2550 |
| 18:17 | Create | Unit 2550 |
| 18:17 | Create | Unit 2550 |
| 18:19 | Build | House |
| 18:24 | Create | Villager (Male) |
| 18:44 | Create | Villager (Male) |
| 18:45 | Create | Unit 2550 |
| 18:46 | Create | Unit 2550 |
| 18:51 | Research | Gold Mining |
| 18:52 | Research | Gold Mining |
| 19:02 | Age | Castle Age |
| 19:05 | Build | Town Center |
| 19:10 | Research | Tech 1351 |
| 19:11 | Research | Tech 1351 |
| 19:20 | Create | Villager (Male) |
| 19:31 | Create | Transport Ship |
| 19:49 | Create | Villager (Male) |
| 19:49 | Create | Villager (Male) |
| 19:58 | Create | Villager (Male) |
| 19:58 | Create | Villager (Male) |
| 20:03 | Research | Squires |
| 20:07 | Create | Unit 2550 |
| 20:08 | Create | Unit 2550 |
| 20:08 | Create | Unit 2550 |
| 20:08 | Create | Unit 2550 |
| 20:09 | Create | Villager (Male) |
Build order — Marlin
First 150 of 209 actions detected
| 0:07 | Build | House |
| 0:16 | Build | Town Center |
| 0:46 | Build | Dock |
| 2:39 | Create | Villager (Male) |
| 2:40 | Create | Villager (Male) |
| 2:40 | Create | Villager (Male) |
| 2:41 | Create | Villager (Male) |
| 3:22 | Create | Villager (Male) |
| 4:04 | Create | Fishing Ship |
| 4:32 | Create | Fishing Ship |
| 4:38 | Research | Loom |
| 4:54 | Build | House |
| 5:25 | Create | Villager (Male) |
| 5:38 | Create | Fishing Ship |
| 5:53 | Create | Villager (Male) |
| 5:54 | Create | Villager (Male) |
| 5:59 | Build | House |
| 6:23 | Create | Villager (Male) |
| 6:34 | Create | Villager (Male) |
| 6:41 | Create | Fishing Ship |
| 6:57 | Create | Villager (Male) |
| 7:10 | Create | Villager (Male) |
| 7:20 | Create | Villager (Male) |
| 7:23 | Create | Fishing Ship |
| 7:58 | Create | Fishing Ship |
| 8:02 | Build | House |
| 8:04 | Create | Villager (Male) |
| 8:25 | Create | Fishing Ship |
| 8:31 | Build | House |
| 8:32 | Build | House |
| 8:49 | Create | Villager (Male) |
| 8:50 | Create | Villager (Male) |
| 8:53 | Create | Fishing Ship |
| 9:04 | Build | House |
| 9:29 | Create | Villager (Male) |
| 9:40 | Build | Lumber Camp |
| 10:07 | Create | Fishing Ship |
| 10:14 | Create | Villager (Male) |
| 10:53 | Create | Fishing Ship |
| 11:11 | Build | Dock |
| 11:16 | Research | Feudal Age |
| 11:48 | Build | Mining Camp |
| 12:50 | Build | Mill |
| 12:56 | Create | Villager (Male) |
| 12:57 | Create | Villager (Male) |
| 13:26 | Age | Feudal Age |
| 13:27 | Build | Blacksmith |
| 13:33 | Build | Market |
| 13:59 | Create | Villager (Male) |
| 14:53 | Research | Castle Age |
| 14:58 | Build | Mining Camp |
| 15:32 | Create | Unit 2626 |
| 15:50 | Create | Unit 2626 |
| 15:55 | Build | House |
| 15:56 | Build | House |
| 16:09 | Research | Gold Mining |
| 16:21 | Create | Villager (Male) |
| 16:21 | Create | Villager (Male) |
| 16:30 | Create | Unit 2626 |
| 16:45 | Create | Unit 2626 |
| 17:08 | Create | Villager (Male) |
| 17:19 | Create | Unit 2626 |
| 17:28 | Build | Dock |
| 17:33 | Age | Castle Age |
| 17:57 | Research | War Galley (upgrade) |
| 17:57 | Research | War Galley (upgrade) |
| 18:01 | Create | Villager (Male) |
| 18:21 | Create | Villager (Male) |
| 18:32 | Create | Unit 2626 |
| 18:33 | Create | Unit 2626 |
| 18:53 | Create | Unit 2626 |
| 18:53 | Create | Unit 2626 |
| 18:54 | Create | Villager (Male) |
| 18:55 | Create | Villager (Male) |
| 18:59 | Build | House |
| 19:30 | Create | Unit 2626 |
| 19:31 | Create | Unit 2626 |
| 19:32 | Create | Villager (Male) |
| 19:32 | Create | Villager (Male) |
| 19:32 | Create | Villager (Male) |
| 19:40 | Create | Villager (Male) |
| 19:47 | Build | Lumber Camp |
| 20:02 | Create | Villager (Male) |
| 20:12 | Build | Castle |
| 20:20 | Create | Villager (Male) |
| 20:32 | Create | Unit 2626 |
| 20:32 | Create | Unit 2626 |
| 20:38 | Build | House |
| 20:43 | Build | House |
| 20:51 | Create | Villager (Male) |
| 20:54 | Create | Unit 2626 |
| 20:54 | Create | Unit 2626 |
| 21:30 | Create | Unit 2626 |
| 21:30 | Create | Unit 2626 |
| 21:30 | Create | Unit 2626 |
| 21:31 | Create | Villager (Male) |
| 21:31 | Create | Villager (Male) |
| 21:38 | Create | Villager (Male) |
| 22:18 | Create | Unit 2626 |
| 22:18 | Create | Unit 2626 |
| 22:18 | Create | Unit 2626 |
| 22:19 | Create | Villager (Male) |
| 22:20 | Create | Villager (Male) |
| 22:20 | Create | Villager (Male) |
| 22:41 | Create | Fire Galley |
| 22:41 | Create | Fire Galley |
| 22:41 | Create | Fire Galley |
| 22:43 | Create | Villager (Male) |
| 22:43 | Create | Villager (Male) |
| 22:46 | Create | Villager (Male) |
| 22:53 | Build | House |
| 22:54 | Build | House |
| 22:55 | Build | House |
| 22:59 | Create | Villager (Male) |
| 23:00 | Create | Villager (Male) |
| 23:14 | Build | Town Center |
| 23:32 | Build | Lumber Camp |
| 23:40 | Create | Villager (Male) |
| 24:06 | Create | Villager (Male) |
| 24:07 | Create | Villager (Male) |
| 24:32 | Create | Arambai |
| 24:32 | Create | Arambai |
| 24:39 | Build | Town Center |
| 25:05 | Create | Villager (Male) |
| 25:06 | Create | Villager (Male) |
| 25:07 | Research | Wheelbarrow |
| 25:07 | Research | Wheelbarrow |
| 25:10 | Create | Arambai |
| 25:36 | Create | Villager (Male) |
| 25:36 | Create | Villager (Male) |
| 25:37 | Create | Villager (Male) |
| 25:42 | Create | Arambai |
| 25:43 | Create | Villager (Male) |
| 25:43 | Create | Villager (Male) |
| 25:57 | Create | Villager (Male) |
| 25:59 | Research | Tech 906 |
| 26:05 | Build | Lumber Camp |
| 26:17 | Research | Horse Collar |
| 26:29 | Create | Villager (Male) |
| 26:29 | Create | Villager (Male) |
| 26:30 | Create | Villager (Male) |
| 26:58 | Create | Villager (Male) |
| 26:58 | Create | Villager (Male) |
| 26:58 | Create | Villager (Male) |
| 27:00 | Build | Farm |
| 27:00 | Build | Farm |
| 27:01 | Build | Farm |
| 27:01 | Build | Farm |
| 27:01 | Build | Farm |
| 27:01 | Build | Farm |
Build order — PM_AoE
First 150 of 152 actions detected
| 0:39 | Build | Town Center |
| 0:59 | Build | Dock |
| 1:02 | Build | House |
| 2:57 | Create | Villager (Male) |
| 2:58 | Create | Villager (Male) |
| 2:58 | Create | Villager (Male) |
| 2:58 | Create | Villager (Male) |
| 4:08 | Create | Villager (Male) |
| 4:18 | Create | Fishing Ship |
| 4:40 | Build | House |
| 5:03 | Create | Villager (Male) |
| 5:03 | Create | Villager (Male) |
| 5:23 | Research | Loom |
| 5:29 | Create | Villager (Male) |
| 6:07 | Create | Villager (Male) |
| 6:08 | Create | Villager (Male) |
| 6:30 | Create | Villager (Male) |
| 6:35 | Build | House |
| 6:53 | Create | Fishing Ship |
| 6:55 | Create | Villager (Male) |
| 7:35 | Create | Fishing Ship |
| 7:49 | Create | Villager (Male) |
| 7:49 | Create | Villager (Male) |
| 7:50 | Create | Villager (Male) |
| 7:50 | Create | Villager (Male) |
| 8:03 | Build | House |
| 8:27 | Create | Villager (Male) |
| 8:27 | Create | Villager (Male) |
| 8:30 | Create | Fishing Ship |
| 9:20 | Build | Lumber Camp |
| 10:13 | Research | Feudal Age |
| 10:46 | Build | Mining Camp |
| 11:04 | Build | House |
| 11:10 | Create | Villager (Male) |
| 11:10 | Create | Villager (Male) |
| 11:25 | Build | Barracks |
| 11:29 | Build | Palisade Wall |
| 12:23 | Age | Feudal Age |
| 12:24 | Build | Archery Range |
| 12:30 | Create | Villager (Male) |
| 12:42 | Build | Blacksmith |
| 12:45 | Create | Villager (Male) |
| 12:56 | Research | Double-Bit Axe |
| 13:03 | Create | Villager (Male) |
| 13:09 | Create | Archer |
| 13:18 | Research | Fletching |
| 13:29 | Create | Archer |
| 13:31 | Create | Villager (Male) |
| 13:47 | Create | Fishing Ship |
| 13:54 | Build | House |
| 13:57 | Build | House |
| 14:13 | Create | Archer |
| 14:19 | Build | House |
| 14:32 | Build | House |
| 14:53 | Create | Archer |
| 14:55 | Create | Villager (Male) |
| 14:55 | Create | Villager (Male) |
| 14:59 | Build | Mill |
| 15:14 | Create | Archer |
| 15:30 | Create | Villager (Male) |
| 15:39 | Create | Archer |
| 15:52 | Create | Villager (Male) |
| 15:56 | Build | Farm |
| 16:06 | Create | Archer |
| 16:12 | Create | Archer |
| 16:16 | Create | Villager (Male) |
| 16:18 | Research | Padded Archer Armor |
| 16:53 | Create | Villager (Male) |
| 16:54 | Create | Villager (Male) |
| 16:57 | Build | Archery Range |
| 17:00 | Build | Farm |
| 17:00 | Build | Farm |
| 17:00 | Build | Farm |
| 17:00 | Build | Farm |
| 17:01 | Build | Farm |
| 17:20 | Create | Archer |
| 17:34 | Create | Villager (Male) |
| 17:44 | Build | Farm |
| 17:46 | Build | Farm |
| 17:47 | Create | Villager (Male) |
| 18:14 | Create | Villager (Male) |
| 18:16 | Build | Farm |
| 18:16 | Build | Farm |
| 18:17 | Build | Farm |
| 18:17 | Build | Farm |
| 18:48 | Create | Villager (Male) |
| 18:52 | Build | House |
| 18:53 | Build | House |
| 18:57 | Build | House |
| 19:08 | Create | Archer |
| 19:11 | Create | Archer |
| 19:54 | Create | Villager (Male) |
| 19:54 | Create | Villager (Male) |
| 19:58 | Create | Archer ×5 |
| 20:37 | Build | Watch Tower |
| 20:40 | Build | Market |
| 20:43 | Build | House |
| 20:44 | Build | Palisade Wall |
| 20:46 | Build | Palisade Wall |
| 20:50 | Build | Palisade Wall |
| 20:51 | Build | Palisade Wall |
| 20:56 | Build | Palisade Wall |
| 21:02 | Build | Palisade Wall |
| 21:04 | Create | Villager (Male) |
| 21:05 | Create | Villager (Male) |
| 21:12 | Build | House |
| 21:14 | Build | House |
| 21:16 | Build | Palisade Wall |
| 21:21 | Build | House |
| 21:23 | Build | Palisade Wall |
| 21:30 | Build | Palisade Wall |
| 21:38 | Create | Archer ×5 |
| 21:47 | Build | House |
| 22:03 | Create | Villager (Male) |
| 22:03 | Create | Villager (Male) |
| 22:52 | Create | Villager (Male) |
| 23:06 | Create | Villager (Male) |
| 23:11 | Build | Palisade Wall |
| 23:18 | Create | Villager (Male) |
| 23:34 | Build | Lumber Camp |
| 23:42 | Create | Villager (Male) |
| 24:06 | Build | Palisade Wall |
| 24:08 | Create | Villager (Male) |
| 24:39 | Create | Villager (Male) |
| 25:02 | Create | Villager (Male) |
| 25:11 | Build | House |
| 25:12 | Build | House |
| 25:13 | Build | Palisade Wall |
| 25:15 | Build | Palisade Wall |
| 25:21 | Create | Villager (Male) |
| 26:08 | Create | Villager (Male) |
| 26:25 | Build | Lumber Camp |
| 26:31 | Create | Villager (Male) |
| 26:31 | Create | Villager (Male) |
| 26:39 | Create | Villager (Male) |
| 26:42 | Build | Mining Camp |
| 26:57 | Build | House |
| 27:01 | Build | House |
| 27:04 | Build | House |
| 27:10 | Build | Palisade Wall |
| 27:16 | Build | Palisade Wall |
| 27:17 | Build | Palisade Wall |
| 27:26 | Create | Villager (Male) |
| 27:37 | Build | Mining Camp |
| 28:00 | Build | Mining Camp |
| 28:08 | Research | Town Watch |
| 28:33 | Research | Wheelbarrow |
| 29:26 | Build | House |
| 29:28 | Build | House |
| 30:11 | Build | Town Center |
Build order — Vazero
First 150 of 249 actions detected
| 0:08 | Build | Town Center |
| 0:46 | Build | Dock |
| 0:52 | Build | House |
| 2:33 | Create | Villager (Male) |
| 2:33 | Create | Villager (Male) |
| 2:34 | Create | Villager (Male) |
| 2:34 | Create | Villager (Male) |
| 3:36 | Create | Fishing Ship |
| 3:50 | Create | Villager (Male) |
| 4:29 | Research | Loom |
| 4:38 | Create | Fishing Ship |
| 5:02 | Create | Villager (Male) |
| 5:07 | Build | House |
| 5:28 | Create | Fishing Ship |
| 5:48 | Create | Villager (Male) |
| 5:56 | Build | House |
| 6:12 | Create | Villager (Male) |
| 6:17 | Create | Fishing Ship |
| 6:49 | Create | Villager (Male) |
| 6:55 | Create | Fishing Ship |
| 7:15 | Create | Villager (Male) |
| 7:23 | Build | House |
| 7:36 | Create | Fishing Ship |
| 7:39 | Create | Villager (Male) |
| 7:57 | Create | Villager (Male) |
| 8:10 | Create | Fishing Ship |
| 8:28 | Create | Villager (Male) |
| 8:33 | Build | House |
| 8:52 | Build | Dock |
| 8:53 | Create | Villager (Male) |
| 9:01 | Create | Fishing Ship |
| 9:13 | Build | House |
| 9:14 | Create | Villager (Male) |
| 9:20 | Build | Dock |
| 9:34 | Create | Villager (Male) |
| 9:36 | Create | Fishing Ship |
| 9:55 | Create | Fishing Ship |
| 9:59 | Create | Fishing Ship |
| 10:06 | Create | Villager (Male) |
| 10:26 | Create | Villager (Male) |
| 10:26 | Create | Fishing Ship |
| 10:27 | Create | Fishing Ship |
| 10:30 | Build | House |
| 10:48 | Create | Fishing Ship |
| 10:50 | Create | Villager (Male) |
| 11:18 | Build | Dock |
| 11:20 | Create | Villager (Male) |
| 11:27 | Create | Fishing Ship |
| 11:40 | Build | House |
| 11:42 | Create | Villager (Male) |
| 11:56 | Create | Fishing Ship |
| 12:06 | Create | Fishing Ship |
| 12:07 | Create | Villager (Male) |
| 12:10 | Create | Fishing Ship |
| 12:27 | Build | House |
| 12:28 | Create | Villager (Male) |
| 12:33 | Create | Fishing Ship |
| 12:48 | Build | Lumber Camp |
| 12:56 | Build | House |
| 12:57 | Create | Villager (Male) |
| 13:09 | Create | Fishing Ship |
| 13:20 | Create | Fishing Ship |
| 13:26 | Research | Feudal Age |
| 13:41 | Create | Fishing Ship |
| 14:05 | Build | Mining Camp |
| 14:16 | Build | House |
| 14:27 | Create | Fishing Ship |
| 14:54 | Create | Villager (Male) |
| 14:57 | Build | Barracks |
| 15:04 | Create | Villager (Male) |
| 15:15 | Build | Palisade Wall |
| 15:44 | Age | Feudal Age |
| 15:49 | Build | Stable |
| 15:52 | Research | Double-Bit Axe |
| 16:17 | Build | Blacksmith |
| 16:46 | Create | Unit 2626 |
| 16:48 | Research | Castle Age |
| 17:08 | Create | Unit 2626 |
| 17:10 | Research | Forging |
| 17:12 | Create | Scout Cavalry |
| 17:12 | Create | Scout Cavalry |
| 17:30 | Create | Unit 2626 |
| 17:30 | Create | Unit 2626 |
| 17:30 | Create | Unit 2626 |
| 17:51 | Research | Scale Barding Armor |
| 18:01 | Create | Unit 2626 |
| 18:01 | Create | Unit 2626 |
| 18:02 | Create | Unit 2626 |
| 18:08 | Create | Unit 2626 |
| 18:10 | Create | Villager (Male) |
| 18:20 | Build | Palisade Wall |
| 18:21 | Create | Scout Cavalry |
| 18:32 | Create | Unit 2626 |
| 18:32 | Create | Unit 2626 |
| 18:32 | Create | Unit 2626 |
| 18:48 | Research | Tech 906 |
| 19:28 | Age | Castle Age |
| 19:30 | Create | Fire Galley |
| 19:30 | Create | Unit 2626 |
| 19:30 | Create | Unit 2626 |
| 19:30 | Create | Unit 2626 |
| 19:41 | Create | Villager (Male) |
| 19:42 | Research | Bow Saw |
| 19:44 | Build | House |
| 19:45 | Build | House |
| 19:57 | Build | House |
| 19:59 | Build | Palisade Wall |
| 20:00 | Create | Scout Cavalry |
| 20:05 | Research | Light Cavalry (upgrade) |
| 20:16 | Create | Unit 2626 |
| 20:16 | Create | Unit 2626 |
| 20:34 | Create | Villager (Male) |
| 20:37 | Create | Villager (Male) |
| 20:52 | Create | Villager (Male) |
| 21:00 | Create | Scout Cavalry |
| 21:06 | Create | Scout Cavalry |
| 21:08 | Create | Villager (Male) |
| 21:14 | Create | Unit 2626 |
| 21:14 | Create | Unit 2626 |
| 21:22 | Research | War Galley (upgrade) |
| 21:22 | Research | War Galley (upgrade) |
| 21:39 | Build | Town Center |
| 21:46 | Build | Town Center |
| 22:00 | Create | Unit 2626 |
| 22:00 | Create | Unit 2626 |
| 22:17 | Create | Unit 2626 |
| 22:17 | Create | Unit 2626 |
| 22:29 | Create | Villager (Male) |
| 22:29 | Create | Villager (Male) |
| 22:30 | Create | Villager (Male) |
| 22:41 | Research | Husbandry |
| 22:53 | Create | Unit 2626 |
| 22:53 | Create | Unit 2626 |
| 22:53 | Create | Unit 2626 |
| 23:01 | Create | Villager (Male) |
| 23:02 | Create | Villager (Male) |
| 23:02 | Create | Villager (Male) |
| 23:02 | Create | Villager (Male) |
| 23:10 | Create | Unit 2626 |
| 23:10 | Create | Unit 2626 |
| 23:22 | Create | Villager (Male) |
| 23:26 | Research | Gillnets |
| 23:27 | Research | Gillnets |
| 23:33 | Create | Villager (Male) |
| 23:33 | Create | Villager (Male) |
| 23:35 | Create | Villager (Male) |
| 23:40 | Create | Unit 2626 |
| 23:40 | Create | Unit 2626 |
| 24:02 | Create | Villager (Male) |
| 24:02 | Create | Villager (Male) |
Build order — Ulfaith
First 150 of 213 actions detected
| 0:33 | Build | Dock |
| 0:51 | Build | Town Center |
| 1:24 | Build | House |
| 2:59 | Create | Villager (Male) ×4 |
| 4:01 | Create | Fishing Ship |
| 4:16 | Create | Villager (Male) |
| 4:30 | Build | Palisade Wall |
| 4:59 | Research | Loom |
| 5:01 | Build | House |
| 5:13 | Create | Villager (Male) |
| 5:43 | Create | Villager (Male) |
| 5:47 | Create | Fishing Ship |
| 6:00 | Create | Villager (Male) |
| 6:26 | Build | House |
| 6:35 | Create | Villager (Male) |
| 6:35 | Create | Villager (Male) |
| 6:55 | Build | House |
| 7:09 | Create | Fishing Ship |
| 7:22 | Create | Villager (Male) |
| 7:22 | Create | Villager (Male) |
| 7:55 | Build | House |
| 8:03 | Create | Fishing Ship |
| 8:10 | Create | Villager (Male) |
| 8:42 | Create | Villager (Male) |
| 8:42 | Create | Villager (Male) |
| 8:46 | Build | House |
| 9:08 | Create | Fishing Ship |
| 9:17 | Create | Villager (Male) |
| 9:38 | Build | House |
| 9:46 | Create | Fishing Ship |
| 9:47 | Create | Villager (Male) |
| 9:47 | Create | Villager (Male) |
| 9:56 | Build | House |
| 10:12 | Build | House |
| 10:24 | Create | Villager (Male) |
| 10:32 | Create | Villager (Male) |
| 10:36 | Build | Mill |
| 10:47 | Build | House |
| 11:29 | Research | Feudal Age |
| 12:00 | Create | Villager (Male) |
| 12:00 | Create | Villager (Male) |
| 12:45 | Build | Dock |
| 13:43 | Build | Lumber Camp |
| 13:54 | Age | Feudal Age |
| 14:01 | Build | Market |
| 14:06 | Build | Blacksmith |
| 14:49 | Research | Castle Age |
| 15:01 | Research | Double-Bit Axe |
| 15:08 | Create | Villager (Male) |
| 15:15 | Create | Unit 2626 |
| 15:18 | Build | House |
| 15:42 | Build | Barracks |
| 15:46 | Build | House |
| 16:06 | Create | Unit 2626 |
| 16:10 | Create | Villager (Male) |
| 16:10 | Create | Villager (Male) |
| 16:27 | Create | Unit 2626 |
| 17:29 | Age | Castle Age |
| 17:34 | Build | Archery Range |
| 17:50 | Build | Town Center |
| 18:09 | Create | Villager (Male) |
| 18:09 | Create | Villager (Male) |
| 18:32 | Create | Unit 2626 |
| 18:32 | Create | Unit 2626 |
| 19:14 | Create | Villager (Male) |
| 19:14 | Create | Villager (Male) |
| 19:25 | Create | Unit 2626 |
| 19:26 | Create | Unit 2626 |
| 19:31 | Create | Cavalry Archer |
| 19:34 | Create | Villager (Male) |
| 19:34 | Create | Villager (Male) |
| 19:34 | Create | Villager (Male) |
| 19:34 | Create | Villager (Male) |
| 19:49 | Create | Unit 2626 |
| 19:57 | Create | Cavalry Archer |
| 19:57 | Create | Cavalry Archer |
| 20:11 | Create | Villager (Male) |
| 20:12 | Create | Villager (Male) |
| 20:12 | Create | Villager (Male) |
| 20:14 | Research | Bow Saw |
| 20:23 | Research | War Galley (upgrade) |
| 20:34 | Create | Villager (Male) |
| 20:39 | Build | House |
| 20:40 | Build | House |
| 20:40 | Build | House |
| 20:41 | Build | House |
| 20:43 | Create | Cavalry Archer |
| 21:02 | Create | Cavalry Archer |
| 21:06 | Build | Stable |
| 21:16 | Create | Unit 2626 |
| 21:20 | Create | Villager (Male) |
| 21:20 | Create | Villager (Male) |
| 21:20 | Create | Villager (Male) |
| 21:25 | Create | Cavalry Archer |
| 21:25 | Create | Cavalry Archer |
| 21:26 | Create | Cavalry Archer |
| 21:33 | Research | Fletching |
| 21:39 | Build | House |
| 22:06 | Build | Archery Range |
| 22:07 | Create | Villager (Male) |
| 22:11 | Create | Villager (Male) |
| 22:28 | Create | Cavalry Archer |
| 22:39 | Create | Villager (Male) |
| 22:39 | Create | Villager (Male) |
| 22:41 | Build | Farm |
| 22:41 | Build | Farm |
| 22:44 | Build | Farm |
| 22:48 | Build | Farm |
| 22:53 | Build | Farm |
| 22:53 | Build | Farm |
| 22:54 | Build | Farm |
| 23:01 | Create | Cavalry Archer |
| 23:01 | Create | Cavalry Archer |
| 23:19 | Create | Villager (Male) |
| 23:33 | Create | Cavalry Archer |
| 23:33 | Create | Cavalry Archer |
| 23:35 | Build | Farm |
| 23:47 | Create | Villager (Male) |
| 23:50 | Build | Farm |
| 23:50 | Build | Farm |
| 23:51 | Build | Farm |
| 23:52 | Build | Farm |
| 23:52 | Build | Farm |
| 23:53 | Build | Farm |
| 24:11 | Create | Cavalry Archer |
| 24:16 | Create | Villager (Male) |
| 24:35 | Create | Villager (Male) |
| 24:35 | Create | Villager (Male) |
| 24:37 | Create | Cavalry Archer |
| 24:50 | Create | Villager (Male) |
| 24:51 | Create | Cavalry Archer |
| 25:09 | Create | Villager (Male) |
| 25:31 | Create | Villager (Male) |
| 25:31 | Create | Villager (Male) |
| 25:33 | Create | Cavalry Archer |
| 25:33 | Create | Cavalry Archer |
| 25:45 | Build | Town Center |
| 25:49 | Build | Farm |
| 25:49 | Build | Farm |
| 25:49 | Build | Farm |
| 25:57 | Create | Villager (Male) |
| 25:58 | Create | Villager (Male) |
| 26:13 | Create | Cavalry Archer |
| 26:13 | Create | Cavalry Archer |
| 26:18 | Create | Villager (Male) |
| 26:18 | Create | Villager (Male) |
| 26:19 | Create | Villager (Male) |
| 26:22 | Build | Farm |
| 26:25 | Build | Farm |
| 26:26 | Build | Farm |
Build order — ELEOS | Hitorek
First 150 of 229 actions detected
| 0:27 | Build | Town Center |
| 1:37 | Build | Dock |
| 1:42 | Build | House |
| 2:44 | Create | Villager (Male) |
| 2:44 | Create | Villager (Male) |
| 2:44 | Create | Villager (Male) |
| 2:45 | Create | Villager (Male) |
| 3:46 | Create | Fishing Ship |
| 4:24 | Create | Villager (Male) |
| 4:47 | Build | House |
| 4:52 | Create | Villager (Male) |
| 4:52 | Create | Villager (Male) |
| 5:11 | Create | Villager (Male) |
| 5:11 | Create | Villager (Male) |
| 5:32 | Create | Villager (Male) |
| 5:47 | Create | Fishing Ship |
| 5:58 | Create | Villager (Male) |
| 5:58 | Create | Villager (Male) |
| 6:20 | Build | House |
| 6:27 | Create | Villager (Male) |
| 6:44 | Create | Fishing Ship |
| 6:54 | Create | Villager (Male) |
| 7:15 | Create | Villager (Male) |
| 7:17 | Build | House |
| 7:26 | Create | Fishing Ship |
| 7:46 | Research | Loom |
| 7:51 | Create | Villager (Male) |
| 7:58 | Create | Fishing Ship |
| 8:33 | Build | Dock |
| 8:38 | Create | Villager (Male) |
| 8:41 | Create | Villager (Male) |
| 8:57 | Create | Fishing Ship |
| 8:58 | Create | Villager (Male) |
| 9:00 | Build | House |
| 9:21 | Create | Fishing Ship |
| 9:26 | Create | Villager (Male) |
| 9:34 | Build | House |
| 9:49 | Create | Fishing Ship |
| 9:57 | Create | Villager (Male) |
| 10:07 | Build | House |
| 10:17 | Create | Fishing Ship |
| 10:32 | Build | Lumber Camp |
| 10:41 | Create | Villager (Male) |
| 11:01 | Create | Fishing Ship |
| 11:02 | Create | Villager (Male) |
| 11:21 | Create | Fishing Ship |
| 11:34 | Create | Villager (Male) |
| 11:43 | Create | Villager (Male) |
| 11:50 | Create | Villager (Male) |
| 11:59 | Create | Fishing Ship |
| 12:00 | Create | Villager (Male) |
| 12:10 | Create | Fishing Ship |
| 12:20 | Build | Barracks |
| 12:31 | Research | Feudal Age |
| 12:39 | Build | Mining Camp |
| 12:42 | Create | Fishing Ship |
| 13:15 | Build | Dock |
| 13:26 | Build | House |
| 13:29 | Create | Fishing Ship |
| 14:01 | Create | Fishing Ship |
| 14:16 | Create | Villager (Male) |
| 14:39 | Create | Villager (Male) |
| 14:41 | Age | Feudal Age |
| 14:45 | Create | Unit 2626 |
| 14:45 | Create | Unit 2626 |
| 14:46 | Create | Villager (Male) |
| 14:54 | Create | Villager (Male) |
| 14:55 | Build | House |
| 14:56 | Build | Palisade Wall |
| 14:57 | Create | Villager (Male) |
| 15:03 | Build | Palisade Wall |
| 15:04 | Build | Palisade Wall |
| 15:10 | Create | Unit 2626 |
| 15:25 | Build | Stable |
| 15:34 | Create | Villager (Male) |
| 15:42 | Create | Villager (Male) |
| 15:45 | Build | House |
| 15:49 | Research | Tech 906 |
| 15:56 | Create | Unit 2626 |
| 15:58 | Create | Villager (Male) |
| 16:00 | Research | Double-Bit Axe |
| 16:22 | Create | Unit 2626 |
| 16:22 | Create | Unit 2626 |
| 16:32 | Build | House |
| 16:34 | Build | Palisade Wall |
| 16:34 | Create | Villager (Male) |
| 16:36 | Build | Palisade Wall |
| 16:41 | Build | House |
| 16:43 | Build | Palisade Wall |
| 16:44 | Create | Scout Cavalry |
| 16:48 | Create | Villager (Male) |
| 16:50 | Build | House |
| 16:59 | Create | Scout Cavalry |
| 17:14 | Create | Villager (Male) |
| 17:18 | Create | Villager (Male) |
| 17:20 | Build | Blacksmith |
| 17:44 | Create | Unit 2626 |
| 17:45 | Create | Fishing Ship |
| 17:45 | Create | Fishing Ship |
| 17:52 | Create | Villager (Male) |
| 17:57 | Research | Scale Barding Armor |
| 18:12 | Create | Scout Cavalry |
| 18:14 | Create | Villager (Male) |
| 18:35 | Build | Stable |
| 18:40 | Create | Unit 2626 |
| 18:40 | Create | Unit 2626 |
| 18:46 | Create | Unit 2626 |
| 19:14 | Create | Scout Cavalry |
| 19:26 | Create | Scout Cavalry |
| 19:27 | Create | Villager (Male) |
| 19:29 | Build | Mill |
| 19:51 | Create | Villager (Male) |
| 19:55 | Build | Market |
| 20:12 | Create | Villager (Male) |
| 20:15 | Build | House |
| 20:16 | Build | House |
| 20:49 | Create | Villager (Male) |
| 20:50 | Build | Farm |
| 20:51 | Build | Farm |
| 20:53 | Build | Farm |
| 20:54 | Build | Farm |
| 20:55 | Build | Farm |
| 20:58 | Build | Farm |
| 20:59 | Build | Farm |
| 21:09 | Create | Fishing Ship |
| 21:29 | Create | Villager (Male) |
| 21:33 | Build | House |
| 22:02 | Research | Castle Age |
| 22:41 | Create | Villager (Male) |
| 22:46 | Build | Farm |
| 22:49 | Build | Lumber Camp |
| 22:51 | Research | Gold Mining |
| 22:55 | Research | Forging |
| 23:18 | Create | Unit 2626 |
| 23:18 | Create | Unit 2626 |
| 23:42 | Create | Fishing Ship |
| 23:59 | Create | Unit 2626 |
| 24:39 | Build | House |
| 24:45 | Age | Castle Age |
| 24:48 | Create | Knight |
| 24:48 | Create | Knight |
| 24:50 | Create | Villager (Male) |
| 24:54 | Build | Town Center |
| 25:08 | Create | Villager (Male) |
| 25:16 | Build | Town Center |
| 25:18 | Create | Knight |
| 25:20 | Create | Villager (Male) |
| 25:21 | Research | Bow Saw |
| 25:45 | Create | Knight |
| 25:47 | Create | Villager (Male) |
Build order — Squid hunter
First 150 of 193 actions detected
| 0:41 | Build | Town Center |
| 0:50 | Build | Dock |
| 0:52 | Build | House |
| 3:02 | Create | Villager (Male) |
| 3:02 | Create | Villager (Male) |
| 3:38 | Create | Villager (Male) |
| 3:39 | Create | Villager (Male) |
| 3:39 | Create | Villager (Male) |
| 3:54 | Create | Villager (Male) |
| 4:31 | Build | House |
| 4:42 | Create | Villager (Male) |
| 4:53 | Create | Fishing Ship |
| 5:40 | Create | Villager (Male) |
| 5:45 | Create | Fishing Ship |
| 6:04 | Research | Loom |
| 6:14 | Create | Fishing Ship |
| 6:24 | Create | Villager (Male) |
| 6:44 | Build | House |
| 6:51 | Create | Villager (Male) |
| 6:51 | Create | Villager (Male) |
| 7:01 | Build | Palisade Wall |
| 7:11 | Build | House |
| 7:15 | Create | Villager (Male) |
| 7:15 | Create | Villager (Male) |
| 7:43 | Create | Villager (Male) |
| 7:44 | Create | Villager (Male) |
| 7:58 | Create | Fishing Ship |
| 8:13 | Create | Villager (Male) |
| 8:34 | Build | Lumber Camp |
| 8:43 | Create | Villager (Male) |
| 9:30 | Create | Villager (Male) |
| 10:17 | Research | Feudal Age |
| 10:22 | Build | Mill |
| 11:09 | Build | House |
| 11:16 | Build | Barracks |
| 11:21 | Create | Villager (Male) |
| 11:21 | Create | Villager (Male) |
| 12:27 | Age | Feudal Age |
| 12:29 | Build | Stable |
| 12:33 | Research | Double-Bit Axe |
| 12:45 | Create | Fire Galley |
| 12:45 | Create | Fire Galley |
| 12:52 | Create | Unit 2626 |
| 12:59 | Create | Villager (Male) |
| 13:10 | Create | Scout Cavalry |
| 13:10 | Create | Scout Cavalry |
| 13:11 | Create | Scout Cavalry |
| 13:19 | Research | Horse Collar |
| 13:55 | Create | Villager (Male) |
| 13:57 | Create | Villager (Male) |
| 13:59 | Build | House |
| 14:15 | Create | Scout Cavalry |
| 14:19 | Build | House |
| 14:20 | Build | House |
| 14:39 | Build | Farm |
| 14:40 | Build | Farm |
| 14:40 | Build | Farm |
| 14:46 | Create | Villager (Male) |
| 15:03 | Create | Scout Cavalry |
| 15:04 | Create | Villager (Male) |
| 15:33 | Create | Villager (Male) |
| 15:47 | Create | Villager (Male) |
| 15:49 | Build | Farm |
| 15:50 | Build | Farm |
| 15:52 | Build | Farm |
| 15:53 | Build | Farm |
| 15:54 | Build | Farm |
| 15:56 | Build | Farm |
| 16:16 | Create | Villager (Male) |
| 16:20 | Build | Mill |
| 16:20 | Build | Farm |
| 16:21 | Build | Farm |
| 16:22 | Build | Farm |
| 16:31 | Build | Farm |
| 17:05 | Create | Villager (Male) |
| 17:08 | Build | Mining Camp |
| 17:09 | Create | Villager (Male) |
| 17:43 | Create | Villager (Male) |
| 18:02 | Create | Villager (Male) |
| 18:16 | Build | Palisade Wall |
| 18:18 | Build | Palisade Wall |
| 18:23 | Build | Palisade Wall |
| 18:25 | Build | Palisade Wall |
| 18:31 | Build | Palisade Wall |
| 18:32 | Build | Palisade Wall |
| 18:42 | Create | Villager (Male) |
| 19:17 | Create | Villager (Male) |
| 19:24 | Build | Market |
| 19:35 | Build | House |
| 19:36 | Build | House |
| 20:01 | Build | House |
| 20:27 | Research | Castle Age |
| 20:32 | Build | Farm |
| 20:32 | Build | Farm |
| 20:33 | Build | Farm |
| 20:37 | Build | House |
| 20:38 | Build | House |
| 20:39 | Build | House |
| 20:50 | Create | Scout Cavalry |
| 21:04 | Build | Archery Range |
| 21:13 | Build | Stone Wall |
| 21:33 | Research | Bloodlines |
| 21:33 | Research | Bloodlines |
| 21:49 | Build | Archery Range |
| 21:56 | Build | Mining Camp |
| 21:59 | Research | Gold Mining |
| 21:59 | Research | Gold Mining |
| 22:14 | Build | Blacksmith |
| 22:41 | Create | Fishing Ship |
| 22:44 | Build | Dock |
| 23:05 | Research | Fletching |
| 23:05 | Research | Fletching |
| 23:07 | Age | Castle Age |
| 23:08 | Create | Cavalry Archer |
| 23:08 | Create | Cavalry Archer |
| 23:10 | Create | Villager (Male) |
| 23:24 | Build | Archery Range |
| 23:30 | Create | Cavalry Archer |
| 23:30 | Create | Cavalry Archer |
| 23:31 | Create | Cavalry Archer |
| 23:34 | Create | Villager (Male) |
| 23:34 | Create | Villager (Male) |
| 23:48 | Research | Bodkin Arrow |
| 23:48 | Research | Bodkin Arrow |
| 23:51 | Create | Cavalry Archer |
| 24:01 | Build | Farm |
| 24:03 | Build | Farm |
| 24:03 | Create | Villager (Male) |
| 24:03 | Create | Villager (Male) |
| 24:10 | Create | Villager (Male) |
| 24:10 | Create | Villager (Male) |
| 24:26 | Create | Cavalry Archer |
| 24:26 | Create | Cavalry Archer |
| 24:28 | Create | Cavalry Archer |
| 24:28 | Create | Cavalry Archer |
| 24:29 | Create | Villager (Male) |
| 24:29 | Create | Villager (Male) |
| 24:52 | Create | Cavalry Archer |
| 24:52 | Create | Cavalry Archer |
| 24:52 | Create | Cavalry Archer |
| 24:54 | Create | Villager (Male) |
| 25:01 | Build | House |
| 25:16 | Research | Husbandry |
| 25:16 | Research | Husbandry |
| 25:52 | Create | Cavalry Archer |
| 25:53 | Create | Cavalry Archer |
| 25:53 | Create | Cavalry Archer |
| 25:54 | Create | Villager (Male) |
| 25:54 | Create | Villager (Male) |
| 26:08 | Research | Padded Archer Armor |
Build order — ELEOS | Danielsiii
First 150 of 288 actions detected
| 0:05 | Build | Town Center |
| 0:25 | Build | House |
| 0:27 | Build | Dock |
| 2:26 | Create | Villager (Male) |
| 2:27 | Create | Villager (Male) |
| 2:27 | Create | Villager (Male) |
| 2:27 | Create | Villager (Male) |
| 2:28 | Create | Villager (Male) |
| 2:28 | Create | Villager (Male) |
| 3:27 | Create | Fishing Ship |
| 3:42 | Create | Villager (Male) |
| 3:54 | Build | House |
| 4:46 | Create | Villager (Male) |
| 4:54 | Create | Fishing Ship |
| 5:15 | Create | Villager (Male) |
| 5:46 | Create | Fishing Ship |
| 5:46 | Create | Villager (Male) |
| 5:58 | Build | House |
| 6:00 | Create | Villager (Male) |
| 6:19 | Create | Villager (Male) |
| 6:37 | Create | Villager (Male) |
| 6:45 | Create | Fishing Ship |
| 7:02 | Create | Villager (Male) |
| 7:10 | Create | Villager (Male) |
| 7:17 | Build | House |
| 7:41 | Create | Fishing Ship |
| 7:49 | Create | Villager (Male) |
| 8:12 | Create | Fishing Ship |
| 8:22 | Build | House |
| 8:24 | Build | House |
| 8:29 | Create | Villager (Male) |
| 8:46 | Create | Villager (Male) |
| 8:51 | Build | Dock |
| 8:56 | Create | Villager (Male) |
| 9:05 | Create | Fishing Ship |
| 9:06 | Create | Villager (Male) |
| 9:31 | Create | Villager (Male) |
| 9:43 | Create | Fishing Ship |
| 9:53 | Build | Lumber Camp |
| 9:58 | Create | Villager (Male) |
| 10:08 | Create | Fishing Ship |
| 10:17 | Create | Villager (Male) |
| 10:24 | Create | Fishing Ship |
| 10:32 | Build | House |
| 10:50 | Create | Villager (Male) |
| 10:52 | Build | House |
| 10:56 | Create | Fishing Ship |
| 10:57 | Create | Fishing Ship |
| 11:07 | Build | House |
| 11:22 | Create | Fishing Ship |
| 11:42 | Build | Dock |
| 11:51 | Create | Villager (Male) |
| 11:51 | Create | Fishing Ship |
| 11:56 | Build | House |
| 12:34 | Research | Feudal Age |
| 12:34 | Research | Feudal Age |
| 12:35 | Create | Fishing Ship |
| 12:36 | Create | Fishing Ship |
| 12:36 | Create | Fishing Ship |
| 12:36 | Create | Fishing Ship |
| 12:56 | Create | Fishing Ship |
| 13:10 | Build | House |
| 13:36 | Build | Mining Camp |
| 13:48 | Create | Villager (Male) |
| 13:49 | Create | Villager (Male) |
| 13:50 | Create | Fishing Ship |
| 13:50 | Create | Fishing Ship |
| 14:12 | Create | Fishing Ship |
| 14:41 | Build | Mill |
| 14:44 | Age | Feudal Age |
| 14:52 | Build | Blacksmith |
| 14:58 | Research | Double-Bit Axe |
| 15:16 | Create | Villager (Male) |
| 15:26 | Create | Villager (Male) |
| 15:27 | Build | House |
| 15:40 | Build | Market |
| 15:58 | Build | House |
| 16:01 | Build | House |
| 16:19 | Research | Castle Age |
| 16:19 | Research | Castle Age |
| 16:31 | Build | Dock |
| 16:42 | Create | Fishing Ship |
| 16:59 | Create | Fishing Ship |
| 17:08 | Create | Fishing Ship |
| 17:17 | Research | Tech 906 |
| 17:24 | Build | Lumber Camp |
| 17:33 | Research | Loom |
| 17:34 | Create | Villager (Male) |
| 17:40 | Create | Fishing Ship |
| 17:41 | Create | Fishing Ship |
| 17:54 | Build | House |
| 17:54 | Build | House |
| 17:56 | Build | House |
| 19:04 | Age | Castle Age |
| 19:05 | Build | Town Center |
| 19:08 | Build | Town Center |
| 19:15 | Build | Town Center |
| 19:24 | Research | Bow Saw |
| 19:25 | Research | Gillnets |
| 19:26 | Create | Villager (Male) |
| 19:27 | Create | Villager (Male) |
| 19:39 | Research | Stone Mining |
| 19:39 | Create | Villager (Male) |
| 19:51 | Research | Town Watch |
| 19:54 | Create | Villager (Male) |
| 19:55 | Create | Villager (Male) |
| 19:55 | Create | Villager (Male) |
| 19:57 | Create | Transport Ship |
| 20:01 | Research | Town Watch |
| 20:01 | Research | Wheelbarrow |
| 20:05 | Create | Villager (Male) |
| 20:10 | Create | Villager (Male) |
| 20:20 | Create | Villager (Male) |
| 20:27 | Create | Villager (Male) |
| 20:28 | Create | Villager (Male) |
| 20:28 | Create | Villager (Male) |
| 20:30 | Create | Villager (Male) |
| 20:30 | Create | Villager (Male) |
| 20:31 | Create | Villager (Male) |
| 20:31 | Create | Villager (Male) |
| 20:31 | Create | Villager (Male) |
| 20:31 | Create | Villager (Male) |
| 20:32 | Create | Villager (Male) |
| 20:32 | Create | Villager (Male) |
| 20:32 | Create | Villager (Male) |
| 20:43 | Create | Villager (Male) |
| 21:07 | Build | House |
| 21:15 | Build | Palisade Wall |
| 21:16 | Create | Villager (Male) |
| 21:17 | Create | Villager (Male) |
| 21:26 | Research | War Galley (upgrade) |
| 21:27 | Create | Villager (Male) |
| 21:28 | Create | Villager (Male) |
| 21:29 | Research | Gold Mining |
| 21:39 | Create | Villager (Male) |
| 21:42 | Create | Villager (Male) |
| 21:43 | Create | Villager (Male) |
| 21:46 | Build | Mining Camp |
| 21:54 | Create | Villager (Male) |
| 22:09 | Create | Galley |
| 22:09 | Create | Galley |
| 22:10 | Create | Galley |
| 22:10 | Create | Galley |
| 22:10 | Create | Galley |
| 22:11 | Create | Galley |
| 22:11 | Create | Galley |
| 22:12 | Create | Galley |
| 22:13 | Research | Fletching |
| 22:14 | Create | Villager (Male) |
| 22:36 | Create | Villager (Male) |
Match timeline
| 0:27 | ELEOS | Danielsiii · first_building Dock |
| 0:33 | Ulfaith · first_building Dock |
| 0:42 | ELEOS | ElNoniro · first_building Dock |
| 0:46 | Vazero · first_building Dock |
| 0:46 | Marlin · first_building Dock |
| 0:50 | Squid hunter · first_building Dock |
| 0:59 | PM_AoE · first_building Dock |
| 1:37 | ELEOS | Hitorek · first_building Dock |
| 4:30 | Ulfaith · wall_segment Palisade Wall x1 |
| 7:01 | Squid hunter · wall_segment Palisade Wall x7 |
| 10:41 | ELEOS | ElNoniro · wall_segment Palisade Wall x4 |
| 11:16 | Squid hunter · first_building Barracks |
| 11:25 | PM_AoE · first_building Barracks |
| 11:29 | PM_AoE · wall_segment Palisade Wall x1 |
| 12:20 | ELEOS | Hitorek · first_building Barracks |
| 12:23 | PM_AoE · age_up feudal |
| 12:24 | PM_AoE · first_building Archery Range |
| 12:27 | Squid hunter · age_up feudal |
| 12:29 | Squid hunter · first_building Stable |
| 13:26 | Marlin · age_up feudal |
| 13:54 | Ulfaith · age_up feudal |
| 14:41 | ELEOS | Hitorek · age_up feudal |
| 14:42 | ELEOS | ElNoniro · age_up feudal |
| 14:44 | ELEOS | Danielsiii · age_up feudal |
| 14:45 | Marlin · first_market_buy 100 food |
| 14:45 | Marlin · first_market_sell 100 wood |
| 14:56 | ELEOS | Hitorek · wall_segment Palisade Wall x1 |
| 14:57 | Vazero · first_building Barracks |
| 15:03 | ELEOS | Hitorek · wall_segment Palisade Wall x7 |
| 15:04 | ELEOS | Hitorek · wall_segment Palisade Wall x6 |
| 15:08 | ELEOS | ElNoniro · wall_segment Palisade Wall x1 |
| 15:15 | Vazero · wall_segment Palisade Wall x9 |
| 15:25 | ELEOS | Hitorek · first_building Stable |
| 15:42 | Ulfaith · first_building Barracks |
| 15:42 | ELEOS | ElNoniro · wall_segment Palisade Wall x6 |
| 15:44 | Vazero · age_up feudal |
| 15:49 | Vazero · first_building Stable |
| 15:50 | ELEOS | ElNoniro · wall_segment Palisade Wall x1 |
| 16:05 | ELEOS | ElNoniro · first_building Barracks |
| 16:34 | ELEOS | Hitorek · wall_segment Palisade Wall x1 |
| 16:36 | ELEOS | Hitorek · wall_segment Palisade Wall x1 |
| 16:43 | ELEOS | Hitorek · wall_segment Palisade Wall x1 |
| 17:13 | ELEOS | ElNoniro · first_market_sell 100 food |
| 17:29 | Ulfaith · age_up castle |
| 17:33 | Marlin · age_up castle |
| 17:34 | Ulfaith · first_building Archery Range |
| 17:49 | ELEOS | ElNoniro · wall_segment Palisade Wall x1 |
| 17:50 | ELEOS | ElNoniro · wall_segment Palisade Wall x1 |
| 17:56 | ELEOS | ElNoniro · wall_segment Palisade Wall x1 |
| 18:00 | ELEOS | ElNoniro · wall_segment Palisade Wall x1 |
| 18:01 | ELEOS | ElNoniro · wall_segment Palisade Wall x1 |
| 18:03 | ELEOS | ElNoniro · wall_segment Palisade Wall x1 |
| 18:16 | Squid hunter · wall_segment Palisade Wall x1 |
| 18:18 | Squid hunter · wall_segment Palisade Wall x1 |
| 18:20 | Vazero · wall_segment Palisade Wall x4 |
| 18:23 | Squid hunter · wall_segment Palisade Wall x1 |
| 18:25 | Squid hunter · wall_segment Palisade Wall x1 |
| 18:31 | Squid hunter · wall_segment Palisade Wall x1 |
| 18:32 | Squid hunter · wall_segment Palisade Wall x1 |
| 18:52 | ELEOS | Danielsiii · first_market_buy 100 stone |
| 18:53 | ELEOS | Danielsiii · first_market_sell 100 food |
| 19:02 | ELEOS | ElNoniro · age_up castle |
| 19:04 | ELEOS | Danielsiii · age_up castle |
| 19:28 | Vazero · age_up castle |
| 19:59 | Vazero · wall_segment Palisade Wall x5 |
| 20:12 | Marlin · first_building Castle |
| 20:44 | PM_AoE · wall_segment Palisade Wall x4 |
| 20:46 | PM_AoE · wall_segment Palisade Wall x6 |
| 20:50 | PM_AoE · wall_segment Palisade Wall x6 |
| 20:51 | PM_AoE · wall_segment Palisade Wall x2 |
| 20:56 | PM_AoE · wall_segment Palisade Wall x1 |
| 21:02 | PM_AoE · wall_segment Palisade Wall x1 |
| 21:04 | Squid hunter · first_building Archery Range |
| 21:06 | Ulfaith · first_building Stable |
| 21:13 | Squid hunter · wall_segment Stone Wall x9 |
| 21:15 | ELEOS | Danielsiii · wall_segment Palisade Wall x1 |
| 21:16 | PM_AoE · wall_segment Palisade Wall x1 |
| 21:23 | PM_AoE · wall_segment Palisade Wall x1 |
| 21:30 | PM_AoE · wall_segment Palisade Wall x1 |
| 21:53 | ELEOS | Hitorek · first_market_sell 100 wood |
| 21:53 | ELEOS | Hitorek · first_market_buy 100 food |
| 22:09 | ELEOS | ElNoniro · first_market_buy 100 stone |
| 22:47 | ELEOS | Danielsiii · first_building Monastery |
| 22:50 | ELEOS | ElNoniro · first_building Siege Workshop |
| 22:59 | Ulfaith · first_market_sell 100 wood |
| 23:07 | Squid hunter · age_up castle |
| 23:11 | PM_AoE · wall_segment Palisade Wall x1 |
| 24:06 | PM_AoE · wall_segment Palisade Wall x1 |
| 24:45 | ELEOS | Hitorek · age_up castle |
| 25:13 | PM_AoE · wall_segment Palisade Wall x1 |
| 25:15 | PM_AoE · wall_segment Palisade Wall x5 |
| 25:23 | ELEOS | ElNoniro · first_building Castle |
| 25:44 | PM_AoE · first_market_sell 100 wood |
| 26:03 | ELEOS | Danielsiii · first_building Castle |
| 26:51 | ELEOS | Danielsiii · first_building Barracks |
| 27:10 | PM_AoE · wall_segment Palisade Wall x1 |
| 27:16 | PM_AoE · wall_segment Palisade Wall x1 |
| 27:17 | PM_AoE · wall_segment Palisade Wall x1 |
| 27:30 | Squid hunter · first_building Siege Workshop |
| 27:46 | ELEOS | Danielsiii · first_building Stable |
| 28:01 | Vazero · wall_segment Palisade Wall x1 |
| 28:05 | Squid hunter · first_market_buy 100 wood |
| 28:11 | Ulfaith · first_building Monastery |
| 28:24 | Vazero · first_building Castle |
| 28:30 | PM_AoE · first_market_buy 100 food |
| 29:50 | ELEOS | Danielsiii · age_up imperial |
| 31:00 | Squid hunter · resign |
[ AI ANALYSIS · 1 CREDIT ]
What really happened in this match?
Wolo.gg analyzes every decision: build order, eco, micro, common mistakes by bracket. Personalized analysis on WhatsApp or Discord in 30 seconds.
Civ guide
Tupi
Perfil
ElNoniro